 Dungeon Crawl Stone Soup version 0.29-a0-1023-g6ae1a4a2c7 (webtiles) character file.

Game seed: 10579572929085338443

263 27heaven the Conjurer (level 5, -1/39 HPs)
             Began as a Demigod Conjurer on Aug 11, 2022.
             Slain by an ogre
             ... wielding a +0 giant spiked club
              (33 damage)
             ... on level 4 of the Dungeon.
             The game lasted 00:10:18 (4882 turns).

27heaven the Conjurer (Demigod Conjurer)            Turns: 4882, Time: 00:10:19

Health: -1/39      AC:  5    Str:  8    XL:     5   Next: 65%
Magic:  9/13       EV: 12    Int: 24    God:
Gold:   240        SH:  0    Dex: 14    Spells: 2/11 levels left

rFire   . . .      SeeInvis .   s - +1 whip "Moug" {venom, +Blink Dex+2}
rCold   . . .      Faith    .   (no shield)
rNeg    + . .      Spirit   .   x - +2 robe {rN+}
rPois   .          Reflect  .   k - +0 helmet
rElec   .          Harm     .   (no cloak)
rCorr   .          Rampage  .   (no gloves)
Will    .....                   (no boots)
Stlth   ++........              (no amulet)
HPRegen 0.13/turn               (no ring)
MPRegen 0.13/turn               (no ring)

@: no status effects
A: high MP 1, forlorn, divine attributes
a: Evoke Blink


You were on level 4 of the Dungeon.
You visited 1 branch of the dungeon, and saw 5 of its levels.

You collected 240 gold pieces.

Inventory:

Hand Weapons
 p - a +0 whip of electrocution
 r - a +2 vampiric dagger
 s - the +1 whip "Moug" (weapon) {venom, +Blink Dex+2}
   (You took it off an orc on level 3 of the Dungeon)

   It poisons the flesh of those it strikes.
   Dex:       It affects your dexterity (+2).
   +Blink:    It lets you blink.
 z - the +10 flail of the Singing Gods {elec, rN++ Int-2 Dex+3}
   (You found it on level 4 of the Dungeon)

   It occasionally discharges a powerful burst of electricity upon striking a
   foe.
   Int:       It affects your intelligence (-2).
   Dex:       It affects your dexterity (+3).
   rN:        It greatly protects you from negative energy.
Armour
 j - a +0 leather armour of poison resistance
 k - a +0 helmet (worn)
 x - a +2 robe of positive energy (worn)
Jewellery
 u - a ring of fire
 y - an amulet of guardian spirit
Wands
 i - a wand of acid (6)
 o - a wand of flame (21)
 A - a wand of iceblast (9)
Scrolls
 c - 2 scrolls of enchant armour {unknown}
 e - 3 scrolls of poison {unknown}
 f - 4 scrolls of identify {unknown}
 h - 2 scrolls of immolation {unknown}
 l - a scroll of blinking {unknown}
 n - 2 scrolls of teleportation {unknown}
 v - a scroll of magic mapping {unknown}
 w - a scroll of enchant weapon {unknown}
Potions
 a - 4 potions of heal wounds {unknown}
 b - 2 potions of magic
 d - a potion of flight {unknown}
 g - 3 potions of curing {unknown}
 m - a potion of might {unknown}
 q - a potion of mutation {unknown}
 t - a potion of invisibility {unknown}


   Skills:
 + Level 0.9 Fighting
 + Level 2.1 Dodging
 - Level 1.7 Stealth
 * Level 3.6 Spellcasting
 * Level 5.1 Conjurations
 + Level 0.0 Hexes
 + Level 0.6 Evocations


You had 2 spell levels left.
You knew the following spells:

 Your Spells              Type           Power      Damage    Failure   Level
a - Magic Dart            Conj           100%       1d8       1%          1
b - Searing Ray           Conj           56%        2d6       1%          2
c - Dazzling Flash        Conj/Hex       32%        N/A       11%         3
d - Tukima's Dance        Hex            4%         N/A       30%         3

Your spell library contained the following spells:

 Spells                   Type           Power      Damage    Failure   Level
 Confusing Touch          Hex            4%         N/A       30%         3
 Ozocubu's Armour         Ice            4%         N/A       30%         3
 Portal Projectile        Hex/Tloc       8%         N/A       30%         3
 Fulminant Prism          Conj/Hex       8%         3d7       34%         4
 Iskenderun's Mystic Bla  Conj/Tloc      16%        2d5       34%         4
 Blade Hands              Tmut           2%         N/A       95%         5
 Yara's Violent Unravell  Hex/Tmut       2%         3d3       95%         5
 Enfeeble                 Hex            2%         N/A       100%        7
 Ozocubu's Refrigeration  Ice            2%         4d7       100%        7


Dungeon Overview and Level Annotations

Branches:
Dungeon (5/15)             Temple (0/1) D:4


Innate Abilities, Weirdness & Mutations

You have an increased reservoir of magic. (+10% MP)
You shall have no god before yourself.
Your divine heritage dramatically boosts your attributes as you level up.


Message History

You kill the orc! (Press . to maintain the ray.)
Your magical contamination has completely faded away.
Things that are here:
a +0 short sword; a +0 ring mail; an orc corpse
There is a stone staircase leading up here.
You open the door.
Found a staircase to the Ecumenical Temple.
A - a wand of iceblast (9) Done exploring.
Done exploring.
Done exploring.
(D) Dungeon (T) Temple
Where to? (Enter - D:4, ? - help)
What level of the Dungeon? (default 1, ? - help)
There is a stone staircase leading down here.
You climb downwards.
The gnoll shouts!
The ogre shouts!
You hear a shout! x2
Found a book of the Hunter.
There is a stone staircase leading up here.
There are monsters nearby!
The ogre hits you with a +0 giant spiked club!
You climb upwards.
There is a stone staircase leading down here.
Casting: Searing Ray (safe; 1% risk of failure)
Confirm with . or Enter, or press ? or * to list all spells.
Aiming: Searing Ray (safe; 1% risk of failure)
Press: ? - help, Shift-Dir - straight line, f - ogre
Aim: an ogre, wielding a +0 giant spiked club (90% to hit)
The searing ray hits the ogre.
The ogre is moderately wounded. (Press . to maintain the ray.)
The searing ray hits the ogre.
The ogre is heavily wounded.
The ogre completely misses you.
The searing ray hits the ogre!
The ogre is almost dead.
The ogre hits you with a +0 giant spiked club!!
Ouch! That really hurt!
You die...

..........................#####
##.##......#.########.###.....#
#####......#.########.# #####.#
# #<..............#.# #.#
#####..#####.########.# #.#
'....(.# #.# #.# #.# #.#
####...# #.# #.###.# #.# #
##..#####.####.....#### #.#
####...........O@........# #.#
#..##........####..#####.# #.#
#..##..#####.####..#####.# #.#
.......................#.# #.#
..........##.####..###.#.# #.#
..##...##.##.# #..# #.#.# #.#
#..##..##.##.# #..###.#.# #.#
#..###.##.##.# #........# #.#
##.# #.##.##.####..###.### #.#


You could see an ogre.

Vanquished Creatures
  2 orc wizards
  Robin (D:3)
  8 adders
  2 worms (D:3)
  2 dart slugs
  16 orcs
  4 bats
  9 endoplasms
  2 giant cockroaches (D:3)
  13 goblins
  11 hobgoblins
  8 jackals
  3 quokkas
  6 ball pythons
  4 frilled lizards
  5 kobolds
  5 rats
101 creatures vanquished.

Notes
Turn   | Place    | Note
-------+----------+-------------------------------------------
     0 | D:1      | 27heaven the Demigod Conjurer began the quest for the Orb.
     0 | D:1      | Reached XP level 1. HP: 14/14 MP: 5/5
   433 | D:1      | Reached XP level 2. HP: 20/20 MP: 4/7
   492 | D:1      | Learned a level 2 spell: Searing Ray
   894 | D:1      | Reached skill level 4 in Conjurations
  1134 | D:2      | Reached XP level 3. HP: 18/26 MP: 0/9
  2070 | D:3      | Reached XP level 4. HP: 33/33 MP: 7/11
  2711 | D:2      | Learned a level 3 spell: Dazzling Flash
  2754 | D:3      | Noticed Robin
  2846 | D:3      | Killed Robin
  3011 | D:3      | Identified the +1 whip "Moug" {venom, +Blink Dex+2}
  3417 | D:3      | Reached XP level 5. HP: 39/39 MP: 9/13
  4051 | D:4      | Reached skill level 5 in Conjurations
  4183 | D:4      | Identified the +10 flail of the Singing Gods {elec, rN++
                  | Int-2 Dex+3}
  4305 | D:4      | Learned a level 3 spell: Tukima's Dance
  4792 | D:4      | Found a staircase to the Ecumenical Temple.
  4877 | D:5      | Entered Level 5 of the Dungeon
  4877 | D:5      | Noticed an ice beast
  4877 | D:5      | Noticed an ogre
  4882 | D:4      | Slain by an ogre

Illustrated notes

Levels and vault maps discovered:
D:1:      lemuel_arrival_muddy, layout_basic, grunt_decor_arrowhead,
          serial_park_tiny_1
D:2:      cheibrodos_old_hovel, layout_loops_ring
D:3:      layout_loops_ring, basic_ecumenical_altar, uniq_robin
D:4:      layout_basic, gammafunk_temple_overflow_claw, temple_doors_ab,
          nicolae_concentric_dashed_squares_wild, chequers_serial_rivers_micro_d
D:5:      layout_cave_pools, eino_curves_04

Skill      XL: |  1  2  3  4  5 |
---------------+----------------+-----
Spellcasting   | 2 3 |  3.6
Conjurations   | 4 5 |  5.1
Dodging        | 2 |  2.1
Fighting       | |  0.9
Stealth        | |  1.7
Evocations     | |  0.6

Action                   |  1- 3 |  4- 6 || total
-------------------------+-------+-------++-------
Melee: Unarmed           |     6 |       ||     6
       Dagger            |     3 |       ||     3
       Whip              |       |     2 ||     2
 Cast: Magic Dart        |    57 |   107 ||   164
       Searing Ray       |     7 |    15 ||    22
Armor: Robe              |     3 |     2 ||     5
       Leather armour    |       |     7 ||     7
Dodge: Dodged            |    10 |    12 ||    22

Table legend: (Time is in decaauts)
 A = Elapsed time spent in this place.
 B = Non-inter-level travel time spent in this place.
 C = Inter-level travel time spent in this place.
 D = Time resting spent in this place.
 E = Time spent auto-exploring this place.
 F = Levels seen in this place.
 G = Mean time per level.
                   A        B        C        D        E       F      G
               +--------+--------+--------+--------+--------+-----+--------+
         Total |   4889 |   4824 |     65 |    653 |   3560 |   5 |  977.8 |
       Dungeon |   4889 |   4824 |     65 |    653 |   3560 |   5 |  977.8 |
               +--------+--------+--------+--------+--------+-----+--------+

Top non-repeatable levels by time:
     D:2: 1582 daAuts
     D:3: 1325 daAuts
     D:1: 1038 daAuts
     D:4: 941 daAuts
     D:5: 1 daAuts
